 Dungeon Crawl Stone Soup version 0.24.1-8-ga250c9d538 (webtiles) character file.

Game seed: 5196533509999748995, levelgen mode: deterministic

83 Peloso the Skirmisher (level 4, 0/36 HPs)
             Began as a Demonspawn Fighter on May 7, 2020.
             Slain by a gnoll
             ... wielding a +0 whip
              (1 damage)
             ... on level 4 of the Dungeon.
             The game lasted 00:03:44 (2352 turns).

Peloso the Skirmisher (Demonspawn Fighter)          Turns: 2352, Time: 00:03:45

Health: 0/36       AC:  8    Str: 15 (17) XL:     4   Next: 22%
Magic:  4/4        EV:  7    Int:  7 (9)  God:
Gold:   84         SH:  9    Dex: 13      Spells: 3/3 levels left

rFire    . . .     SeeInvis .   a - +0 long sword
rCold    . . .     Gourm    .   c - +0 shield
rNeg     . . .     Faith    .   b - +0 scale mail
rPois    .         Spirit   .   (no helmet)
rElec    .         Reflect  .   (no cloak)
rCorr    .         Harm     .   e - +0 pair of gloves
MR       .....                  (no boots)
Stlth    ..........             (no amulet)
HPRegen  0.12/turn              (no ring)
MPRegen  0.09/turn              (no ring)

@: no status effects
A: claws 1, rot immunity
a: no special abilities


You were on level 4 of the Dungeon.
You were hungry.

You visited 1 branch of the dungeon, and saw 3 of its levels.

You collected 84 gold pieces.

Inventory:

Hand Weapons
 a - a +0 long sword (weapon)
Armour
 b - a +0 scale mail (worn)
 c - a +0 shield (worn)
 e - a +0 pair of gloves (worn)
Scrolls
 g - a scroll of magic mapping {unknown}
 h - a scroll of identify {unknown}
 i - a scroll of remove curse
 j - a scroll of fear {unknown}
 m - a scroll of random uselessness {unknown}
Potions
 d - 2 potions of might
 k - a potion of haste {unknown}
 l - a potion of flight {unknown}
Comestibles
 f - 4 rations


   Skills:
 + Level 3.6 Fighting
 + Level 2.3 Long Blades
 + Level 3.3 Armour
 + Level 0.3 Dodging
 + Level 3.3 Shields


You had 3 spell levels left.
You didn't know any spells.
Your spell library was empty.

Dungeon Overview and Level Annotations

Branches:
Dungeon (2/15)

Altars:


Innate Abilities, Weirdness & Mutations

You have sharp fingernails.
You are immune to rotting.


Message History

* * * LOW HITPOINT WARNING * * *
The gnoll hits you with a +0 club.
* * * LOW HITPOINT WARNING * * *
You hit the gnoll.
The gnoll is heavily wounded.
The gnoll hits you but does no damage. The gnoll hits you with a +0 flail.
* * * LOW HITPOINT WARNING * * *
You block the gnoll's attack. The gnoll hits you but does no damage.
Unknown command.
You barely miss the gnoll.
The gnoll is heavily wounded.
The gnoll hits you but does no damage. The gnoll hits you with a +0 whip.
* * * LOW HITPOINT WARNING * * *
You block the gnoll's attack.
Unknown command.
You slash the gnoll!
You kill the gnoll!
You feel your strength returning. The gnoll hits you with a +0 whip.
You die...

##### ##...###
## ##......##
##.##........##
##.............#
...............#
#...gg........
#...)@........
##............
#............
#............
##..........#
#..####....# #..
##### ##.


You could see 2 gnolls.

Vanquished Creatures
  A gnoll (D:4)
  An adder (D:2)
  An ooze (D:2)
  A worm (D:2)
  A dart slug (D:1)
  3 leopard geckos
  A giant cockroach (D:2)
  4 goblins
  8 hobgoblins
  6 jackals (D:1)
  4 kobolds
  A ball python (D:2)
  6 bats
  5 frilled lizards
  5 rats
48 creatures vanquished.

Notes
Turn   | Place    | Note
-------+----------+-------------------------------------------
     0 | D:1      | Peloso the Demonspawn Fighter began the quest for the Orb.
     0 | D:1      | Reached XP level 1. HP: 18/18 MP: 1/1
   286 | D:1      | Gained mutation: You are immune to rotting. [demonic
                  | ancestry]
   286 | D:1      | Reached XP level 2. HP: 7/24 MP: 2/2
  1438 | D:2      | Reached XP level 3. HP: 29/29 MP: 3/3
  1963 | D:2      | Gained mutation: You have sharp fingernails. [demonic
                  | ancestry]
  1963 | D:2      | Reached XP level 4. HP: 26/35 MP: 4/4
  2340 | D:2      | You fall into a shaft and drop 2 floors!
  2351 | D:4      | HP: 1/35 [gnoll/+0 whip (1)]
  2352 | D:4      | Slain by a gnoll

Levels and vault maps discovered:
D:1:      minmay_arrival_open_corners, layout_basic
D:2:      layout_rooms
D:4:      layout_cave_pods, first_ration, kennysheep_generic_room_7

Skill      XL: |  1  2  3 |
---------------+----------+-----
Armour         | 3 |  3.3
Shields        | 3 |  3.3
Long Blades    | 2 |  2.3
Fighting       | |  3.6
Dodging        | |  0.3

Action                   |  1- 3 |  4- 6 || total
-------------------------+-------+-------++-------
Melee: Long sword        |   146 |    26 ||   172
  Use: Scroll            |     2 |       ||     2
       Potion            |     1 |       ||     1
  Eat: Chunk             |     4 |       ||     4
Armor: Scale mail        |    99 |    13 ||   112
Dodge: Dodged            |    42 |    11 ||    53
Block: Shield            |   115 |    15 ||   130
       Rpst.: Long sword |     6 |       ||     6
